← All builds
Geo / Cortex / Economy first / OBSERVED BUILD

Tzar rush

Geo rushes an Advanced Vehicle Plant to field a Tzar around 6 minutes, far earlier than the role's typical first T2 unit, leading the front push before adding Omen support and Fury anti-air.

#rush #push · 19 distinct matches · 12 players · 5% of Cortex Geo games · team won 63% of 19 · Recently observed

THE CATCH, AND WHAT COMES WITH IT
  • TzarT2 vehicle assault from 5:57 · 3% of role by thenFrom the Advanced Vehicle Plant. Only 3% of Geo games have it by then; others who build it get it around 10:11
  • OmenRadar vehicle in 79%7% of all Geo games by then
  • Vehicle PlantVehicle Plant in 74%14% of all Geo games by then
  • Advanced Vehicle PlantAdvanced Vehicle Plant in 68%12% of all Geo games by then
  • FuryFury in 53%9% of all Geo games by then

Started with Tzar (79%), Tiger (21%).

Where those units first fight, in 19 games with kill data: in the middle 89%, on their own side 11%.

Those units destroy a typical 5,067 metal of enemy units by 15:00.

Then transitions into tiger (28% of army).

HOW TO PLAY IT

Key timing: Tzar out by 6:05

  1. Open mex, wind and geo, but rush Vehicle Plant by 3:44.
  2. Push Advanced Vehicle Plant far earlier than the role norm.
  3. Field Tzar-led T2 vehicle assault to push middle immediately.
  4. Add radar vehicle support to back the heavy tank push.
  5. Shift the army toward more Tiger and Quaker as it scales up.

Phase by phase

TYPICAL OF ITS 19 GAMES · AGAINST STANDARD GEO
  1. 1
  2. 2
  3. 3
  4. 4
PLAY THE OPENING

Follow the example game's first 6:57 step by step: what to build now, what comes next, and where it goes. At 1× it keeps pace with your own game.

  1. 1

    Up to the Bot Lab

    Economy
    • Metal Extractor3Mex
    • Wind Turbine3Wind
    Order
    1. Bot LabBot Lab after 3 mex, 3 winddone ~1:08, middle half 1:04–1:14

    By 0:51 in all: 3 mex · 3 wind

    The example game in this phase · 3 steps
    1. Mex ×2
    2. Wind ×3
    3. Bot LabBot Labdone 0:53 · typical 1:08
  2. 2

    Bot Lab to Vehicle Plant

    Economy
    • Metal Extractor1Mex
    • Wind Turbine2Wind
    • Energy Converter2Converter−2 vs standard
    • Energy Storage1Energy storage
    Order
    1. Geothermal PowerplantGeo after 4 mex, 7 wind, 1 con turret
    2. Vehicle PlantVehicle Plant after 4 mex, 7 wind, 2 con turretdone ~4:31, middle half 3:51–5:45
    Builders
    • Construction Turret2 Con turret −2 vs standard
    • Graverobber4 Graverobber
    • Construction Bot2 Con bot
    • Construction Bot1 Con bot for allies

    Some games also: Graverobber for allies (47%)

    By 4:14 in all: 4 mex · 7 wind · 1 geo · 2 converter (standard 4) · 1 energy storage · 2 con turret (standard 4)

    The example game in this phase · 15 steps
    1. Wind
    2. GraverobberGraverobber
    3. Wind ×4
    4. GraverobberGraverobber
    5. GraverobberGraverobberfor Beach sea
    6. Construction BotCon bot ×2
    7. GraverobberGraverobber
    8. Mex
    9. Construction BotCon botfor Beach sea
    10. Energy storage
    11. Mex
    12. Geothermal PowerplantGeodone 3:17 · typical 3:38
    13. Con turret ×2
    14. Converter
    15. Vehicle PlantVehicle Plantdone 3:55 · typical 4:31
  3. 3

    Vehicle Plant to T2 vehicle assault

    Economy
    • Energy Converter5Converter
    Order
    1. Advanced Vehicle PlantAdvanced Vehicle Plant after 4 mex, 7 wind, 5 converter
    2. TzarT2 vehicle assault after 4 mex, 7 wind, 6 converterdone ~6:30, middle half 5:52–7:31
    Builders
    • Construction Vehicle1 Con vehicle

    Some games also: con turret (37%)

    The standard build makes here, this one skips: 2 wind · 2 con turret

    By 5:57 in all: 4 mex · 7 wind · 1 geo · 6 converter (standard 12) · 1 energy storage · 2 con turret (standard 6)

    The example game in this phase · 6 steps
    1. Converter
    2. Construction VehicleCon vehicle
    3. Converter ×3
    4. Advanced Vehicle PlantAdvanced Vehicle Plantdone 5:24 · typical 5:50
    5. Converter ×3
    6. TzarTzardone 6:21 · typical 6:30
  4. 4

    T2 vehicle assault to 10:00

    Builders
    • Construction Turret1 Con turret
    Army
    • Obscurer1 Jammer
    • Omen1 Radar vehicle

    Some games also: wind (47%) · T2 con vehicle for allies (47%) · tiger (37%) · fury (32%)

    The standard build makes here, this one skips: 6 converter

    By 10:00 in all: 4 mex · 10 wind (standard 15) · 1 geo · 6 converter (standard 18) · 1 energy storage · 5 con turret (standard 7)

    The example game in this phase · 46 steps
    1. SentrySentry
    2. ObscurerJammer
    3. ThugThugfor Suicide front
    4. OmenRadar vehicle
    5. Advanced Construction VehicleT2 con vehiclefor Front
    6. ThugThugfor Suicide front
    7. ThugThug
    8. Metal storage
    9. Advanced Metal ExtractorT2 mexdone 7:57
    10. GuardGuard ×2
    11. Advanced Metal ExtractorT2 mex
    12. Con turret
    13. GuardGuard
    14. Advanced Metal ExtractorT2 mex
    15. Bot LabBot Labdone 9:14
    16. GuardGuard
    17. Con turret
    18. Advanced Metal ExtractorT2 mex
    19. Construction BotCon bot
    20. Con turret
    21. Radar TowerRadar Tower
    22. Advanced Geothermal PowerplantAdvanced Geothermal Powerplantdone 10:46
    23. Construction BotCon bot
    24. GuardGuard
    25. Wind
    26. Construction BotCon bot
    27. Wind ×2
    28. GuardGuard
    29. Wind ×2
    30. Construction BotCon bot
    31. Wind ×2
    32. Construction BotCon bot
    33. GraverobberGraverobber
    34. GruntGrunt
    35. Wind
    36. GruntGrunt
    37. Mex ×2
    38. Wind ×5
    39. Con turret
    40. Wind
    41. Energy storage ×2
    42. Con turret ×2
    43. Wind ×6
    44. Geothermal PowerplantGeo
    45. Wind ×5
    46. Vehicle PlantVehicle Plantnot finished by 15:00

Counts are medians over the build's games: half of them build more, half fewer. The example game is Immort's (55 OS, 26/08/2026); pick another.

Team trades

IN AT LEAST 30% OF ITS GAMES

You hand over

  • Graverobber1 Graverobber to Beach seafirst at 2:21 · in 47% of games
  • Construction Bot1 Con bot to Beach sea or Geo seafirst at 2:39 · in 63% of games
  • Advanced Construction Vehicle1 T2 con vehicle to Front or Suicide front or Pondfirst at 9:31 · in 74% of games

You get

  • Advanced Construction Bot1 T2 con bot from Techfirst at 5:21 · in 47% of games

How it plays out

Typical game of this build against the role’s standard build, running totals by minute

  • This build
  • Standard geo

Metal produced

020k40k
0:005:0010:0015:00

metal

Enemy metal destroyed

05k10k
0:005:0010:0015:00

metal

Own metal lost

02.5k5k7.5k
0:005:0010:0015:00

metal

19 games.

Show as table
ByMetal produced: This buildMetal produced: Standard geoEnemy metal destroyed: This buildEnemy metal destroyed: Standard geoOwn metal lost: This buildOwn metal lost: Standard geo
1:003823350000
2:008908590000
3:00146014970000
4:00264726620000
5:00408137560000
6:00602556740000
7:00750479860000
8:0097751103490000
9:00127131408013553113074
10:0014873169222742334180258
11:00172231976948551255660720
12:0020227226485624249911341538
13:0020762255126550431618472629
14:0021511284977619600324704360
15:0024289317478225826426436299
WHAT THE NUMBERS SAY

Won more often than the standard build while losing far less own metal by 15:00 despite lower total production.

  • + Team won 57% vs 45% for the standard build.
  • + Lost only 2602 own metal by 15:00 vs 6290 standard.
  • − Metal production fell behind standard by 15:00 (24289 vs 31312).
THE EXAMPLE YOU ARE READING

Immort

54.9 OS · 26/08/2026

Open source match ↗

5 received units · includes a constructor
604 metal received · 82584 energy received

Allied construction assistance is unknown. Timings are observations, not a promise of solo reproducibility.

Typical milestones

Bot Lab1:08Middle 50%: 1:04–1:14 · n=18
Geothermal Powerplant3:38Middle 50%: 3:15–4:00 · n=19
Vehicle Plant4:31Middle 50%: 3:51–5:45 · n=19
Advanced Vehicle Plant5:50Middle 50%: 5:07–7:44 · n=19
Tzar6:30Middle 50%: 5:52–7:31 · n=15
Fury9:28Middle 50%: 7:40–10:33 · n=10
Tiger9:52Middle 50%: 9:35–10:54 · n=10

Played most by

RefuseToLearn4games of this buildPRO_HYDRA3games of this buildAmrissa2games of this buildImmort2games of this build[AFUS]Trotski1game of this build